 Dungeon Crawl Stone Soup version 0.23.2 (webtiles) character file.

Game seed: 5617948504110968841

128 Borgoz the Cutter (level 5, 0/33 HPs)
             Began as a Kobold Berserker on Apr 9, 2019.
             Was a Believer of Trog.
             Slain by a gnoll shaman
             ... wielding a +0 whip
              (3 damage)
             ... on level 3 of the Dungeon.
             The game lasted 00:03:16 (1774 turns).

Borgoz the Cutter (Kobold Berserker)                Turns: 1774, Time: 00:03:17

Health: 0/33       AC:  4    Str: 14    XL:     5   Next: 33%
Magic:  5/5        EV: 21    Int:  8    God:    Trog [**....]
Gold:   112        SH:  0    Dex: 21    Spells: 4/4 levels left

rFire    + . .     SeeInvis .   j - +2 dagger (elec)
rCold    . . .     Gourm    .   (shield restricted)
rNeg     . . .     Faith    .   s - +1 leather armour {rF+}
rPois    .         Spirit   .   (no helmet)
rElec    .         Reflect  .   (no cloak)
rCorr    .         Harm     .   (no gloves)
MR       .....                  (no boots)
Stlth    ++........             h - amulet of rage
HPRegen  0.11/turn              (no ring)
MPRegen  0.09/turn              (no ring)

@: agile, berserk cooldown, hasted and slowed, glowing
A: small, carnivore
a: Berserk, Trog's Hand, Renounce Religion, Evoke Berserk Rage


You were on level 3 of the Dungeon.
You worshipped Trog.
Trog was pleased with you.
You were very full.

You visited 1 branch of the dungeon, and saw 3 of its levels.

You collected 112 gold pieces.

Inventory:

Hand Weapons
 j - a +2 dagger of electrocution (weapon)
Missiles
 w - 5 tomahawks (quivered)
Armour
 s - a +1 leather armour of fire resistance (worn)
Jewellery
 b - an uncursed ring of protection from magic {unknown}
 h - an amulet of rage (around neck)
Wands
 r - a wand of flame (9)
Scrolls
 a - a scroll of remove curse {unknown}
 f - a scroll of magic mapping {unknown}
 i - 4 scrolls of identify {unknown}
 m - 2 scrolls of teleportation {unknown}
 o - 2 scrolls of amnesia {unknown}
 q - a scroll of fog {unknown}
 u - 3 scrolls of noise {unknown}
Potions
 n - a potion of cancellation
 p - a potion of ambrosia {unknown}
 v - a potion of mutation {unknown}
Comestibles
 c - 4 rations
 t - 17 chunks of flesh


   Skills:
 * Level 4.1 Fighting
 * Level 4.9 Short Blades
 * Level 2.4 Armour
 * Level 3.3 Dodging
 + Level 1.6 Stealth
 + Level 1.1 Evocations


You had 4 spell levels left.
You didn't know any spells.
Your spell library was empty.

Dungeon Overview and Level Annotations

Branches:
Dungeon (3/15)

Altars:
Fedhas
Gozag
Hepliaklqana
Kikubaaqudgha
Makhleb
Nemelex Xobeh
Qazlal


Innate Abilities, Weirdness & Mutations

You are small and have problems with some larger weapons.
You are carnivorous and can eat meat at any time.


Message History

The gnoll shaman is moderately wounded.
The gnoll shaman misses you.
You barely miss the gnoll shaman.
The gnoll shaman is moderately wounded.
The gnoll shaman closely misses you.
You hit the gnoll shaman.
The gnoll shaman is heavily wounded.
The gnoll shaman closely misses you.
It was a potion of haste.
You feel yourself speed up.
The gnoll shaman hits you but does no damage.
The gnoll shaman misses you.
You hit the gnoll shaman but do no damage.
The gnoll shaman is moderately wounded.
The gnoll shaman hits you with a +0 whip.
* * * LOW HITPOINT WARNING * * *
You barely miss the gnoll shaman.
The gnoll shaman is moderately wounded.
You float gracefully downwards.
The gnoll shaman hits you with a +0 whip.
You die...

...#.### #.##.##)..#
.......###.##†###).###
#..#.#.....##........#######
.........###.......#.......#
...#####............<......#
....## ####.........#......#
.##..## #.........#......#
####..# #.....g...#......# #
#..# #.....@...######## ##.#
#.........# ### #.........#
#.........# #.........#
#.........# ##.......##
##)....##


You could see a gnoll shaman.

Vanquished Creatures
  2 adders
  3 gnolls (D:3)
  2 oozes (D:1)
  2 worms
  2 dart slugs (D:2)
  A leopard gecko (D:3)
  4 orcs (D:3)
  A ball python (D:1)
  9 bats
  8 goblins
  4 hobgoblins
  3 jackals (D:2)
  4 quokkas
  4 frilled lizards
  4 kobolds
  5 rats
58 creatures vanquished.

Notes
Turn   | Place    | Note
-------+----------+-------------------------------------------
     0 | D:1      | Borgoz the Kobold Berserker began the quest for the Orb.
     0 | D:1      | Reached XP level 1. HP: 14/14 MP: 1/1
    68 | D:1      | Reached XP level 2. HP: 18/19 MP: 2/2
   544 | D:1      | Reached XP level 3. HP: 23/23 MP: 3/3
   820 | D:2      | Reached skill level 1 in Stealth
   831 | D:2      | Noticed an air elemental
   833 | D:2      | Found a stormy altar of Qazlal.
  1058 | D:2      | Reached ** piety under Trog
  1058 | D:2      | Reached XP level 4. HP: 17/29 MP: 4/4
  1211 | D:2      | Noticed a fire elemental
  1211 | D:2      | Noticed a water elemental
  1212 | D:2      | Noticed an earth elemental
  1489 | D:3      | Found a burning altar of Makhleb.
  1489 | D:3      | Found a sparkling altar of Nemelex Xobeh.
  1490 | D:3      | Found an ancient bone altar of Kikubaaqudgha.
  1490 | D:3      | Found a hazy altar of Hepliaklqana.
  1490 | D:3      | Found a blossoming altar of Fedhas.
  1504 | D:3      | Found an opulent altar of Gozag.
  1734 | D:3      | Reached XP level 5. HP: 15/33 MP: 5/5
  1738 | D:3      | Reached skill level 1 in Evocations
  1774 | D:3      | Slain by a gnoll shaman

Skill      XL: |  1  2  3  4  5 |
---------------+----------------+-----
Armour         | 2 |  2.4
Stealth        | 1 |  1.6
Dodging        | 3 |  3.3
Fighting       | 4 |  4.1
Evocations     | 1 |  1.1
Short Blades   | |  4.9

Action                   |  1- 3 |  4- 6 || total
-------------------------+-------+-------++-------
Melee: Short sword       |    26 |       ||    26
       Dagger            |    41 |    95 ||   136
 Abil: Evoke Berserk Rag |       |     1 ||     1
  Use: Potion            |       |     6 ||     6
 Stab: Sleeping          |     1 |     2 ||     3
  Eat: Chunk             |     9 |     2 ||    11
Armor: Animal skin       |     5 |       ||     5
       Leather armour    |       |    15 ||    15
Dodge: Dodged            |    43 |    63 ||   106
